[ AOE2 MATCH · #495345356 ]
UnrankedBerbers vs Bohemians
Player's team · LOSS
[ REPLAY ANALYSIS · EXTRACTED FROM THE RECORDED GAME ]
Feudal
8:31
Castle
21:04
Imperial
40:42
| APM avg | 61.3 |
| APM peak | 111 |
| eAPM avg | 25.7 |
| Villagers / military | 158 / 132 |
Focus
⚔️ 37.3% · 🌾 62.7%
Genitour ×56 · Scout Cavalry ×43 · Knight ×14 · Skirmisher ×7 · Camel Scout ×6 · Trebuchet (Packed) ×3
Feudal
9:15
Castle
20:10
Imperial
38:31
| APM avg | 43.8 |
| APM peak | 107 |
| eAPM avg | 29.0 |
| Villagers / military | 178 / 128 |
Focus
⚔️ 32.7% · 🌾 67.3%
Hand Cannoneer ×65 · Hussite Wagon ×24 · Spearman ×23 · Trebuchet (Packed) ×5 · Scout Cavalry ×4 · Monk ×3
Match map
Initial resources + every placement click. Lines = walls · curves = elevation contours. ◆ gold · ⬟ stone · ● berries · ✦ relic · ◌ wall gap
Your base· ✓ Closed at 21:04 · 51t walls · 1 gate(s)
Charlie Mx's base· ✓ Closed at 20:10 · 45t walls · no gate
Smoothed initial terrain · ◌ = detected wall gap · hover for details
Inputs per minute
— aDT_Flempopo - - Charlie Mx
Build order — aDT_Flempopo
First 150 of 477 actions detected
| 0:01 | Queue | Villager (Male) |
| 0:01 | Queue | Villager (Male) |
| 0:02 | Queue | Villager (Male) |
| 0:02 | Build | House |
| 0:05 | Build | House |
| 0:18 | Queue | Villager (Male) |
| 0:18 | Queue | Villager (Male) |
| 1:26 | Queue | Villager (Male) |
| 1:52 | Build | Lumber Camp |
| 1:57 | Queue | Villager (Male) |
| 1:57 | Queue | Villager (Male) |
| 2:17 | Queue | Villager (Male) |
| 2:49 | Queue | Villager (Male) |
| 2:49 | Queue | Villager (Male) |
| 3:01 | Queue | Villager (Male) |
| 3:34 | Queue | Villager (Male) |
| 3:56 | Build | House |
| 3:59 | Queue | Villager (Male) |
| 4:22 | Build | Mill |
| 4:33 | Queue | Villager (Male) |
| 4:33 | Queue | Villager (Male) |
| 5:08 | Queue | Villager (Male) |
| 5:21 | Research | Loom |
| 6:21 | Research | Feudal Age |
| 7:28 | Build | Barracks |
| 7:33 | Queue | Villager (Male) |
| 8:22 | Build | House |
| 8:31 | Age | Feudal Age |
| 8:34 | Build | Stable |
| 8:44 | Queue | Villager (Male) |
| 8:45 | Research | Double-Bit Axe |
| 9:15 | Queue | Villager (Male) |
| 9:18 | Queue | Scout Cavalry |
| 9:27 | Build | House |
| 9:28 | Queue | Villager (Male) |
| 9:35 | Build | Palisade Wall |
| 9:36 | Build | Palisade Wall |
| 9:37 | Build | Palisade Wall |
| 9:39 | Build | Palisade Wall |
| 9:43 | Build | Palisade Wall |
| 9:44 | Build | Palisade Wall |
| 9:45 | Build | Palisade Wall |
| 9:46 | Build | Palisade Wall |
| 9:50 | Queue | Scout Cavalry |
| 9:52 | Queue | Villager (Male) |
| 10:08 | Queue | Villager (Male) |
| 10:30 | Queue | Villager (Male) |
| 10:44 | Build | Mill |
| 10:55 | Build | Farm |
| 10:55 | Build | Farm |
| 10:56 | Build | Farm |
| 10:59 | Build | House |
| 11:00 | Build | Palisade Wall |
| 11:05 | Build | Farm |
| 11:34 | Queue | Villager (Male) |
| 11:45 | Build | Palisade Wall |
| 11:48 | Build | Farm |
| 11:51 | Build | Farm |
| 11:53 | Build | Farm |
| 12:01 | Queue | Villager (Male) |
| 12:21 | Queue | Villager (Male) |
| 12:30 | Build | Archery Range |
| 12:37 | Build | Farm |
| 12:40 | Queue | Villager (Male) |
| 12:57 | Queue | Villager (Male) |
| 13:00 | Build | Farm |
| 13:05 | Queue | Scout Cavalry |
| 13:16 | Build | House |
| 13:17 | Build | Palisade Wall |
| 13:20 | Queue | Skirmisher |
| 13:25 | Build | Farm |
| 13:33 | Queue | Villager (Male) |
| 13:39 | Queue | Skirmisher |
| 13:41 | Queue | Villager (Male) |
| 13:54 | Build | House |
| 13:55 | Build | Palisade Wall |
| 13:57 | Build | Palisade Wall |
| 14:03 | Queue | Scout Cavalry |
| 14:05 | Queue | Skirmisher |
| 14:33 | Queue | Villager (Male) |
| 14:35 | Build | House |
| 14:39 | Queue | Skirmisher |
| 14:40 | Queue | Villager (Male) |
| 15:14 | Queue | Villager (Male) |
| 15:19 | Build | Farm |
| 15:21 | Build | Farm |
| 15:29 | Queue | Villager (Male) |
| 15:42 | Queue | Skirmisher |
| 15:43 | Queue | Skirmisher |
| 15:43 | Queue | Villager (Male) |
| 15:54 | Build | Palisade Gate |
| 15:56 | Build | Blacksmith |
| 16:15 | Queue | Scout Cavalry |
| 16:22 | Build | House |
| 16:23 | Queue | Villager (Male) |
| 16:26 | Build | House |
| 16:35 | Build | Mining Camp |
| 17:05 | Build | Palisade Wall |
| 17:26 | Research | Fletching |
| 17:26 | Queue | Villager (Male) |
| 17:31 | Queue | Skirmisher |
| 17:43 | Queue | Villager (Male) |
| 18:17 | Research | Castle Age |
| 18:17 | Research | Castle Age |
| 18:42 | Build | Archery Range |
| 18:43 | Build | House |
| 18:47 | Research | Fletching |
| 19:09 | Build | Lumber Camp |
| 19:10 | Research | Horse Collar |
| 19:26 | Build | Palisade Wall |
| 19:28 | Build | Palisade Wall |
| 19:31 | Build | Palisade Wall |
| 19:37 | Research | Bloodlines |
| 19:41 | Research | Padded Archer Armor |
| 20:28 | Build | Archery Range |
| 20:41 | Queue | Villager (Male) |
| 20:48 | Build | Farm |
| 20:49 | Build | Farm |
| 20:49 | Build | Farm |
| 21:04 | Age | Castle Age |
| 21:14 | Queue | Camel Scout |
| 21:14 | Queue | Camel Scout |
| 21:15 | Queue | Villager (Male) |
| 21:18 | Build | Stable |
| 21:36 | Research | Bow Saw |
| 21:38 | Queue | Villager (Male) |
| 21:46 | Queue | Camel Scout |
| 21:48 | Build | Farm |
| 21:51 | Build | Farm |
| 21:56 | Build | Farm |
| 21:56 | Build | Farm |
| 22:02 | Queue | Camel Scout |
| 22:08 | Queue | Genitour |
| 22:09 | Queue | Genitour |
| 22:10 | Queue | Genitour |
| 22:20 | Queue | Villager (Male) |
| 22:27 | Build | Farm |
| 22:29 | Build | Farm |
| 22:31 | Queue | Camel Scout |
| 22:31 | Queue | Camel Scout |
| 22:41 | Queue | Genitour |
| 22:48 | Build | Farm |
| 22:49 | Queue | Villager (Male) |
| 22:54 | Queue | Genitour |
| 23:05 | Queue | Villager (Male) |
| 23:11 | Queue | Genitour |
| 23:11 | Queue | Genitour |
| 23:27 | Queue | Villager (Male) |
| 23:47 | Research | Bodkin Arrow |
| 23:48 | Research | Bodkin Arrow |
Build order — Charlie Mx
First 150 of 497 actions detected
| 0:00 | Queue | Villager (Male) |
| 0:00 | Queue | Villager (Male) |
| 0:01 | Queue | Villager (Male) |
| 0:01 | Queue | Villager (Male) |
| 0:01 | Queue | Villager (Male) |
| 0:02 | Build | House |
| 0:04 | Build | House |
| 1:31 | Queue | Villager (Male) |
| 1:56 | Queue | Villager (Male) |
| 2:11 | Build | Lumber Camp |
| 2:17 | Queue | Villager (Male) |
| 2:38 | Queue | Villager (Male) |
| 3:06 | Build | House |
| 3:18 | Queue | Villager (Male) |
| 3:19 | Queue | Villager (Male) |
| 3:26 | Queue | Villager (Male) |
| 3:51 | Build | House |
| 3:54 | Queue | Villager (Male) |
| 4:15 | Build | Mill |
| 4:29 | Queue | Villager (Male) |
| 4:32 | Build | House |
| 4:33 | Queue | Villager (Male) |
| 5:23 | Queue | Villager (Male) |
| 5:39 | Queue | Villager (Male) |
| 5:40 | Research | Loom |
| 6:45 | Build | Barracks |
| 7:02 | Research | Feudal Age |
| 7:02 | Research | Feudal Age |
| 7:25 | Build | Mining Camp |
| 7:37 | Build | Palisade Wall |
| 7:56 | Queue | Militia |
| 8:07 | Build | House |
| 8:13 | Queue | Militia |
| 8:29 | Build | House |
| 8:32 | Build | Palisade Wall |
| 8:39 | Queue | Militia |
| 9:14 | Build | Palisade Wall |
| 9:15 | Age | Feudal Age |
| 9:17 | Queue | Villager (Male) |
| 9:19 | Research | Man-at-Arms (upgrade) |
| 9:23 | Research | Double-Bit Axe |
| 9:30 | Build | House |
| 9:34 | Build | Palisade Wall |
| 9:37 | Queue | Villager (Male) |
| 9:51 | Queue | Villager (Male) |
| 10:36 | Queue | Villager (Male) |
| 10:38 | Queue | Spearman |
| 10:51 | Build | Mill |
| 10:55 | Build | Palisade Wall |
| 11:04 | Build | Farm |
| 11:08 | Build | Farm |
| 11:10 | Build | Farm |
| 11:12 | Build | Farm |
| 11:30 | Queue | Villager (Male) |
| 11:31 | Queue | Villager (Male) |
| 11:38 | Build | Palisade Wall |
| 11:41 | Build | Palisade Wall |
| 12:01 | Build | House |
| 12:23 | Queue | Villager (Male) |
| 12:32 | Queue | Villager (Male) |
| 12:37 | Build | Farm |
| 12:39 | Build | Farm |
| 12:40 | Queue | Villager (Male) |
| 12:45 | Build | Farm |
| 12:57 | Build | Farm |
| 13:00 | Queue | Villager (Male) |
| 13:05 | Build | Farm |
| 13:25 | Build | Farm |
| 13:32 | Build | Farm |
| 13:34 | Build | Farm |
| 13:38 | Queue | Spearman |
| 13:46 | Queue | Villager (Male) |
| 13:50 | Build | Farm |
| 14:08 | Queue | Villager (Male) |
| 14:25 | Build | Lumber Camp |
| 14:29 | Research | Horse Collar |
| 14:46 | Queue | Villager (Male) |
| 15:21 | Research | Wheelbarrow |
| 15:36 | Build | Blacksmith |
| 15:53 | Build | Stable |
| 15:57 | Build | Farm |
| 16:01 | Queue | Villager (Male) |
| 16:36 | Build | Market |
| 16:58 | Queue | Villager (Male) |
| 17:30 | Research | Castle Age |
| 17:35 | Build | House |
| 17:37 | Build | House |
| 17:43 | Build | Archery Range |
| 18:04 | Queue | Scout Cavalry |
| 18:15 | Research | Scale Barding Armor |
| 18:34 | Queue | Scout Cavalry |
| 18:53 | Research | Forging |
| 19:02 | Build | Farm |
| 19:11 | Queue | Scout Cavalry |
| 19:19 | Queue | Villager (Male) |
| 19:30 | Build | Farm |
| 19:45 | Queue | Scout Cavalry |
| 19:50 | Build | Farm |
| 20:03 | Queue | Villager (Male) |
| 20:10 | Age | Castle Age |
| 20:20 | Research | Bow Saw |
| 20:24 | Queue | Knight |
| 20:31 | Build | Town Center |
| 21:03 | Queue | Villager (Male) |
| 21:15 | Queue | Villager (Male) |
| 21:16 | Queue | Villager (Male) |
| 21:20 | Queue | Villager (Male) |
| 21:26 | Build | Town Center |
| 21:36 | Queue | Villager (Male) |
| 21:42 | Queue | Villager (Male) |
| 21:42 | Queue | Villager (Male) |
| 21:44 | Queue | Villager (Male) |
| 21:44 | Queue | Villager (Male) |
| 21:50 | Build | University |
| 21:57 | Queue | Villager (Male) |
| 22:13 | Build | Palisade Gate |
| 22:17 | Queue | Villager (Male) |
| 22:23 | Build | Farm |
| 22:24 | Build | Farm |
| 22:47 | Queue | Villager (Male) |
| 22:47 | Queue | Villager (Male) |
| 22:50 | Build | Monastery |
| 22:51 | Queue | Villager (Male) |
| 22:51 | Queue | Villager (Male) |
| 22:52 | Queue | Villager (Male) |
| 22:54 | Build | Farm |
| 22:55 | Build | Farm |
| 22:56 | Build | Farm |
| 23:11 | Research | Chemistry |
| 23:12 | Build | House |
| 23:13 | Queue | Villager (Male) |
| 23:14 | Build | Farm |
| 23:18 | Build | Farm |
| 23:24 | Queue | Villager (Male) |
| 23:25 | Queue | Villager (Male) |
| 23:25 | Queue | Villager (Male) |
| 23:35 | Queue | Monk |
| 23:41 | Queue | Villager (Male) |
| 23:41 | Queue | Villager (Male) |
| 23:43 | Build | Archery Range |
| 23:49 | Build | House |
| 23:50 | Queue | Villager (Male) |
| 23:53 | Queue | Villager (Male) |
| 23:59 | Build | Farm |
| 24:02 | Queue | Villager (Male) |
| 24:03 | Queue | Villager (Male) |
| 24:04 | Queue | Monk |
| 24:18 | Build | Lumber Camp |
| 24:23 | Queue | Villager (Male) |
| 24:24 | Queue | Villager (Male) |
Match timeline
| 6:45 | Charlie Mx · first_building Barracks |
| 7:28 | aDT_Flempopo · first_building Barracks |
| 7:37 | Charlie Mx · wall_segment Palisade Wall x1 |
| 8:31 | aDT_Flempopo · age_up feudal |
| 8:32 | Charlie Mx · wall_segment Palisade Wall x4 |
| 8:34 | aDT_Flempopo · first_building Stable |
| 9:14 | Charlie Mx · wall_segment Palisade Wall x8 |
| 9:15 | Charlie Mx · age_up feudal |
| 9:34 | Charlie Mx · wall_segment Palisade Wall x8 |
| 9:35 | aDT_Flempopo · wall_segment Palisade Wall x1 |
| 9:36 | aDT_Flempopo · wall_segment Palisade Wall x1 |
| 9:37 | aDT_Flempopo · wall_segment Palisade Wall x1 |
| 9:39 | aDT_Flempopo · wall_segment Palisade Wall x1 |
| 9:43 | aDT_Flempopo · wall_segment Palisade Wall x1 |
| 9:44 | aDT_Flempopo · wall_segment Palisade Wall x1 |
| 9:45 | aDT_Flempopo · wall_segment Palisade Wall x1 |
| 9:46 | aDT_Flempopo · wall_segment Palisade Wall x1 |
| 10:55 | Charlie Mx · wall_segment Palisade Wall x10 |
| 11:00 | aDT_Flempopo · wall_segment Palisade Wall x4 |
| 11:38 | Charlie Mx · wall_segment Palisade Wall x9 |
| 11:41 | Charlie Mx · wall_segment Palisade Wall x5 |
| 11:45 | aDT_Flempopo · wall_segment Palisade Wall x3 |
| 12:30 | aDT_Flempopo · first_building Archery Range |
| 13:17 | aDT_Flempopo · wall_segment Palisade Wall x6 |
| 13:55 | aDT_Flempopo · wall_segment Palisade Wall x4 |
| 13:57 | aDT_Flempopo · wall_segment Palisade Wall x9 |
| 15:53 | Charlie Mx · first_building Stable |
| 17:05 | aDT_Flempopo · wall_segment Palisade Wall x4 |
| 17:43 | Charlie Mx · first_building Archery Range |
| 18:03 | Charlie Mx · first_market_buy 100 food |
| 19:26 | aDT_Flempopo · wall_segment Palisade Wall x3 |
| 19:28 | aDT_Flempopo · wall_segment Palisade Wall x4 |
| 19:31 | aDT_Flempopo · wall_segment Palisade Wall x7 |
| 20:10 | Charlie Mx · age_up castle |
| 21:04 | aDT_Flempopo · age_up castle |
| 22:50 | Charlie Mx · first_building Monastery |
| 27:47 | Charlie Mx · wall_segment Stone Wall x1 |
| 30:35 | Charlie Mx · first_building Castle |
| 32:00 | aDT_Flempopo · first_building Siege Workshop |
| 33:07 | aDT_Flempopo · first_market_buy 100 wood |
| 34:42 | aDT_Flempopo · first_building Castle |
| 36:12 | Charlie Mx · first_market_sell 100 food |
| 37:25 | aDT_Flempopo · first_market_sell 100 stone |
| 38:31 | Charlie Mx · age_up imperial |
| 40:42 | aDT_Flempopo · age_up imperial |
| 42:59 | aDT_Flempopo · first_building Monastery |
| 45:26 | aDT_Flempopo · resign |
[ AI ANALYSIS · 1 CREDIT ]
What really happened in this match?
Wolo.gg analyzes every decision: build order, eco, micro, common mistakes by bracket. Personalized analysis on WhatsApp or Discord in 30 seconds.
Civ guide
Berbers
Perfil
Jugador #896261